[Event "Titled Tuesday Blitz October 18 Late 2022"]
[White "Gasparyan, David"]
[Black "Kaganskiy, Gleb"]
[WhiteFideId "13311980"]
[BlackFideId "4132025"]
[WhiteElo "2365"]
[BlackElo "2165"]
[Result "1-0"]
[Round "11"]
[TimeControl "180+1"]
[Date "2022.10.19"]
[WhiteClock "0:00:33"]
[BlackClock "0:00:19"]

1. d4 d5 2. Bf4 c5 3. dxc5 Nc6 4. e3 e5 5. Bg3 Bxc5 6. Nc3 Nf6 7. Bb5 Bd6 8. Nf3 Bg4 9. h3 Bxf3 10. Qxf3 e4 11. Qe2 Bxg3 12. fxg3 O-O 13. O-O-O Ne5 14. Qd2 a6 15. Be2 Rc8 16. Nxd5 Nxd5 17. Qxd5 Qxd5 18. Rxd5 Nc4 19. Bxc4 Rxc4 20. Rhd1 g6 21. R1d4 Rxd4 22. Rxd4 f5 23. Rd7 Rf7 24. Rxf7 Kxf7 25. c4 Ke6 26. Kc2 Ke5 27. b4 g5 28. a4 h5 29. g4 hxg4 30. hxg4 f4 31. Kd2 b6 32. Ke2 a5 33. bxa5 bxa5 34. exf4+ Kxf4 35. g3+ Kxg4 36. Ke3 Kf5 37. Kd4 g4 38. c5 e3 39. Kxe3 Ke5 40. c6 Kd6 41. Kf4 Kxc6 42. Kxg4 Kc5 43. Kf5 Kb4 44. g4 Kxa4 45. g5 Kb4 46. g6 a4 47. g7 a3 48. g8=Q Kc3 49. Qa2 Kb4 50. Ke4 Ka4 51. Kd4 Kb4 52. Qc4+ 1-0


[Site "https://www.chess.com"]

[Event "Titled Tuesday Blitz October 18 Late 2022"]
[White "Girsh, Daniel"]
[Black "Forgacs, Attila Jr."]
[WhiteFideId "30949190"]
[BlackFideId "773654"]
[WhiteElo "2075"]
[BlackElo "2168"]
[Result "1/2-1/2"]
[Round "11"]
[TimeControl "180+1"]
[Date "2022.10.19"]
[WhiteClock "0:00:17"]
[BlackClock "0:00:12"]

1. d4 Nf6 2. Nc3 d5 3. Bf4 g6 4. e3 Bg7 5. h4 h5 6. Nf3 O-O 7. Ne5 c5 8. dxc5 Qa5 9. Bd3 Qxc5 10. O-O Nc6 11. a3 Nxe5 12. Bxe5 Bg4 13. Qd2 Rac8 14. Rab1 Nd7 15. Bxg7 Kxg7 16. e4 d4 17. Nd5 Ne5 18. b4 Qd6 19. f4 Nc4 20. Bxc4 Rxc4 21. f5 Rfc8 22. f6+ exf6 23. Rxf6 Qg3 24. Rbf1 Be6 25. Nf4 Rxc2 26. Rxg6+ fxg6 27. Nxe6+ Kg8 28. Rf8+ Rxf8 29. Qxc2 Qe1+ 30. Kh2 Qxh4+ 31. Kg1 Qe1+ 32. Kh2 Qf2 33. Qc4 Qh4+ 34. Kg1 Qe1+ 35. Kh2 Qh4+ 36. Kg1 Rf7 37. Qc8+ Kh7 38. Qe8 Qf2+ 39. Kh2 Qh4+ 40. Kg1 Qe1+ 41. Kh2 Qh4+ 42. Kg1 1/2-1/2


[Site "https://www.chess.com"]

[Event "Titled Tuesday Blitz October 18 Late 2022"]
[White "Goltsev, Dmitry"]
[Black "Zeynalli, Rashad"]
[WhiteFideId "24176710"]
[BlackFideId "13403320"]
[WhiteElo "2257"]
[BlackElo "2125"]
[Result "1-0"]
[Round "11"]
[TimeControl "180+1"]
[Date "2022.10.18"]
[WhiteClock "0:02:32"]
[BlackClock "0:01:26"]

1. e4 e5 2. Nf3 Nc6 3. Bb5 Nf6 4. O-O Nxe4 5. d4 Nd6 6. Bxc6 dxc6 7. dxe5 Nf5 8. Qxd8+ Kxd8 9. Rd1+ Ke8 10. Bg5 Be6 11. Nc3 h6 12. Bd2 Bd5 13. Nxd5 cxd5 14. c3 h5 15. Bg5 c6 16. b3 Be7 17. c4 Rd8 18. cxd5 cxd5 19. Rac1 Bxg5 20. Nxg5 d4 21. e6 Nh6 22. exf7+ Nxf7 23. Re1+ Kf8 24. Ne6+ Ke7 25. Rc7+ Kf6 26. Nxd8 Rxd8 27. Rxb7 d3 28. Rd1 d2 29. Kf1 Nd6 30. Rxa7 Nb5 31. Ra6+ Ke5 32. Ra5 Rd5 33. a4 1-0


[Site "https://www.chess.com"]

[Event "Titled Tuesday Blitz October 18 Late 2022"]
[White "Gonzalez, Francisco Silva"]
[Black "Floresvillar Gonzalez, Luis Migu"]
[WhiteFideId "1512285"]
[BlackFideId "5100542"]
[WhiteElo "2159"]
[BlackElo "2040"]
[Result "1/2-1/2"]
[Round "11"]
[TimeControl "180+1"]
[Date "2022.10.19"]
[WhiteClock "0:01:48"]
[BlackClock "0:00:58"]

1. d4 e6 2. c4 d5 3. Nc3 Nf6 4. Bg5 Be7 5. e3 c6 6. Nf3 Ne4 7. Bf4 Qa5 8. Qb3 f5 9. Bd3 Nd7 10. O-O O-O 11. a3 Ndf6 12. Ne5 Nd7 13. Qc2 Nxe5 14. Bxe5 Bf6 15. f4 Bxe5 16. fxe5 Bd7 17. b4 Qd8 18. Ne2 Qh4 19. a4 Rac8 20. a5 a6 21. Qa2 Qh6 22. Rf3 g5 23. Rh3 Qg7 24. b5 cxb5 25. cxd5 Rfe8 26. Bxe4 fxe4 27. d6 Rf8 28. Qc2 Rxc2 1/2-1/2


[Site "https://www.chess.com"]

[Event "Titled Tuesday Blitz October 18 Late 2022"]
[White "Goryachkina, Aleksandra"]
[Black "Jimenez Almeida, Luis David"]
[WhiteFideId "4147103"]
[BlackFideId "22242244"]
[WhiteElo "2484"]
[BlackElo "2158"]
[Result "1/2-1/2"]
[Round "11"]
[TimeControl "180+1"]
[Date "2022.10.18"]
[WhiteClock "0:00:07"]
[BlackClock "0:00:12"]

1. e4 c5 2. Nf3 d6 3. Bb5+ Bd7 4. Bxd7+ Qxd7 5. O-O Nc6 6. Re1 e5 7. c3 Nf6 8. d4 Be7 9. Bg5 h6 10. Bh4 cxd4 11. cxd4 Nxd4 12. Nxd4 exd4 13. Qxd4 O-O 14. Nc3 Rfe8 15. Rad1 Rad8 16. h3 a6 17. Re3 Qe6 18. Nd5 Nxd5 19. exd5 Qd7 20. Rg3 g6 21. Bxe7 Rxe7 22. h4 Rde8 23. h5 Qf5 24. hxg6 fxg6 25. Qd2 Kh7 26. Rf3 Qe5 27. Re3 Qg5 28. Rxe7+ Rxe7 29. Qc3 Qg4 30. Rc1 h5 31. Qf6 Qd7 32. Rc3 Re1+ 33. Kh2 Qe7 34. Qxe7+ Rxe7 35. Rb3 b5 36. a4 bxa4 37. Rb4 Re5 38. Rxa4 Rxd5 39. Rxa6 Rd2 40. f3 d5 41. b4 Rb2 42. Rd6 Rxb4 43. Rd7+ Kh6 44. Rxd5 Rc4 45. Rd6 Rb4 46. Rd5 Rc4 47. Rd6 Rb4 48. Rd5 1/2-1/2


[Site "https://www.chess.com"]

[Event "Titled Tuesday Blitz October 18 Late 2022"]
[White "Hajiyev, Kanan"]
[Black "Zhurbinsky, David"]
[WhiteFideId "13404148"]
[BlackFideId "2072904"]
[WhiteElo "2118"]
[BlackElo "2583"]
[Result "1-0"]
[Round "11"]
[TimeControl "180+1"]
[Date "2022.10.19"]
[WhiteClock "0:00:02"]
[BlackClock "0:00:01"]

1. d4 Nf6 2. c4 e6 3. Nf3 Bb4+ 4. Bd2 Qe7 5. a3 Bxd2+ 6. Qxd2 d6 7. Nc3 Nbd7 8. g3 O-O 9. Bg2 e5 10. dxe5 dxe5 11. Nd5 Nxd5 12. cxd5 e4 13. Nd4 Nb6 14. Nb5 Rd8 15. Nc3 Nxd5 16. Nxe4 Bf5 17. Qg5 Bxe4 18. Qxe7 Bxg2 19. Qc5 Bxh1 20. O-O-O Bg2 21. f3 Nf6 22. Rxd8+ Rxd8 23. Qxc7 Re8 24. Kd2 Bf1 25. e4 Ba6 26. e5 Nh5 27. f4 g6 28. Kc3 Ng7 29. b4 Ne6 30. Qd6 Rd8 31. Qe7 Rc8+ 32. Kb2 Nd4 33. Qf6 Rc2+ 34. Ka1 Rc8 35. g4 1-0


[Site "https://www.chess.com"]

[Event "Titled Tuesday Blitz October 18 Late 2022"]
[White "Hambleton, Aman"]
[Black "Hansen, Eric"]
[WhiteFideId "2606577"]
[BlackFideId "2606771"]
[WhiteElo "2538"]
[BlackElo "2568"]
[Result "1/2-1/2"]
[Round "11"]
[TimeControl "180+1"]
[Date "2022.10.18"]
[WhiteClock "0:02:10"]
[BlackClock "0:02:55"]

1. e4 e5 2. Ke2 Ke7 3. Qe1 Qe8 4. Kd1 Kd8 5. Qe2 Qe7 6. Ke1 Ke8 7. Qd1 Qd8 8. Ke2 Ke7 9. Qe1 Qe8 10. Kd1 Kd8 11. Qe2 Qe7 12. Ke1 Ke8 13. Qd1 Qd8 14. Ke2 Ke7 1/2-1/2


[Site "https://www.chess.com"]

[Event "Titled Tuesday Blitz October 18 Late 2022"]
[White "Har-Zvi, Ronen"]
[Black "Perez Cruz, Adianet"]
[WhiteFideId "2801485"]
[BlackFideId "3510115"]
[WhiteElo "2523"]
[BlackElo "2174"]
[Result "1-0"]
[Round "11"]
[TimeControl "180+1"]
[Date "2022.10.19"]
[WhiteClock "0:02:12"]
[BlackClock "0:00:55"]

1. h4 h6 2. a4 a6 3. a5 d5 4. h5 Bf5 5. Ra4 e5 6. Rf4 Be6 7. Rfh4 Be7 8. R4h2 Nc6 9. d3 Nf6 10. Bd2 Bd6 11. Rh4 Qe7 12. e4 dxe4 13. dxe4 O-O-O 14. Qc1 Nd4 15. Ne2 Bc5 16. Nxd4 Bxd4 17. c3 Ba7 18. b4 Rd7 19. Be2 Rhd8 20. Be3 Bxe3 21. Qxe3 Kb8 22. O-O Rd6 23. Na3 Nd7 24. Qg3 f5 25. exf5 Bxf5 26. Nc4 Rf6 27. Ne3 Be6 28. Bc4 Bxc4 29. Rxc4 Nf8 30. Rc5 Re6 31. Re1 Nh7 32. Nf5 Qg5 33. Qxg5 Nxg5 34. Nxg7 Re7 35. Nf5 Rh7 36. Rcxe5 Rd3 37. R1e3 Rd1+ 38. Kh2 Rc1 39. Nxh6 Rxh6 40. Rxg5 Rc2 41. Kg3 Rf6 42. f3 Rd6 43. Rc5 Rdd2 44. Re8+ Ka7 45. Rxc7 Rxg2+ 46. Kf4 Rh2 47. Rcc8 Rh4+ 48. Kg3 1-0


[Site "https://www.chess.com"]

[Event "Titled Tuesday Blitz October 18 Late 2022"]
[White "Hemam, Moulaye Brahim"]
[Black "Tarnowska, Aleksandra"]
[WhiteFideId "19600054"]
[BlackFideId "1180967"]
[WhiteElo "2088"]
[BlackElo "1776"]
[Result "0-1"]
[Round "11"]
[TimeControl "180+1"]
[Date "2022.10.19"]
[WhiteClock "0:01:12"]
[BlackClock "0:01:04"]

1. e4 c5 2. b4 d5 3. exd5 Qxd5 4. Nf3 Nf6 5. bxc5 e5 6. Bb5+ Bd7 7. Bxd7+ Nbxd7 8. c6 Qxc6 9. O-O Bd6 10. d4 O-O 11. dxe5 Nxe5 12. Nd4 Qe4 13. Nc3 Qh4 14. g3 Qh3 15. f3 Bc5 16. Be3 Rad8 17. Ne4 Nxe4 18. fxe4 Ng4 19. Rf2 Nxe3 0-1


[Site "https://www.chess.com"]

[Event "Titled Tuesday Blitz October 18 Late 2022"]
[White "Hirneise, Jens"]
[Black "Aghasiyev, Kamal"]
[WhiteFideId "24614734"]
[BlackFideId "13402854"]
[WhiteElo "2344"]
[BlackElo "2341"]
[Result "1-0"]
[Round "11"]
[TimeControl "180+1"]
[Date "2022.10.18"]
[WhiteClock "0:01:09"]
[BlackClock "0:01:00"]

1. e4 e5 2. Nf3 Nc6 3. d4 exd4 4. Nxd4 Bc5 5. Nb3 Bb6 6. Nc3 Nf6 7. Bd3 d6 8. h3 Be6 9. Bg5 h6 10. Bh4 g5 11. Bg3 Qe7 12. Qe2 O-O-O 13. O-O-O Bxb3 14. axb3 Nd4 15. Qd2 a6 16. Rhe1 Ba5 17. Bxa6 Nxb3+ 18. cxb3 bxa6 19. Qe2 Kb7 20. e5 dxe5 21. Bxe5 Rxd1+ 22. Rxd1 Bxc3 23. Qf3+ Kb8 24. Bxc3 1-0


[Site "https://www.chess.com"]

[Event "Titled Tuesday Blitz October 18 Late 2022"]
[White "Hoffmann, Asa"]
[Black "Martin Carmona, Gaston Manuel"]
[WhiteFideId "2001470"]
[BlackFideId "22284567"]
[WhiteElo "2117"]
[BlackElo "2235"]
[Result "0-1"]
[Round "11"]
[TimeControl "180+1"]
[Date "2022.10.19"]
[WhiteClock "0:01:12"]
[BlackClock "0:02:11"]

1. d4 Nf6 2. Bg5 Ne4 3. Bf4 e6 4. f3 Bd6 5. Bxd6 Nxd6 6. Nc3 O-O 7. e4 f5 8. e5 Nf7 9. f4 d6 10. Nf3 dxe5 11. dxe5 Qe7 12. Bc4 Qb4 13. Qd3 Rd8 14. Qxd8+ Nxd8 15. O-O-O Nbc6 16. Nd2 a6 17. h3 b5 18. Bb3 Qxf4 19. g4 Nxe5 20. gxf5 Qxf5 21. Rhf1 Qg5 22. Ne4 Qe7 23. Rde1 Bb7 24. h4 Ndf7 25. Re2 Re8 26. Rg2 Qxh4 27. Rfg1 Bxe4 28. Rxg7+ Kf8 29. Nxe4 Qh6+ 30. R7g5 Nxg5 31. Nxg5 Nf7 0-1


[Site "https://www.chess.com"]

[Event "Titled Tuesday Blitz October 18 Late 2022"]
[White "Holt, Conrad"]
[Black "Urazayev, Arystanbek"]
[WhiteFideId "2034387"]
[BlackFideId "13709810"]
[WhiteElo "2592"]
[BlackElo "2441"]
[Result "1-0"]
[Round "11"]
[TimeControl "180+1"]
[Date "2022.10.18"]
[WhiteClock "0:00:15"]
[BlackClock "0:00:06"]

1. d4 d5 2. c4 e6 3. Nc3 Nf6 4. cxd5 exd5 5. Bg5 c6 6. Qc2 Bd6 7. e3 O-O 8. Bd3 h6 9. Bh4 Re8 10. Nf3 Be6 11. Ne5 c5 12. Bb5 cxd4 13. exd4 Nc6 14. Bxc6 bxc6 15. O-O c5 16. Nb5 cxd4 17. Bxf6 Qxf6 18. Nxd6 Red8 19. Rfe1 Rxd6 20. Qc5 Rb6 21. Qxd4 Rab8 22. b3 a5 23. Rad1 Rb4 24. Qa7 R4b5 25. Nc6 Re8 26. Qa6 Rc5 27. Nxa5 Rc2 28. Re2 Rxe2 29. Qxe2 Ra8 30. Nc6 Rc8 31. Nd4 Bd7 32. g3 Bh3 33. Qh5 Bd7 34. Qxd5 Bh3 35. Qh5 Bd7 36. Qf3 Qe5 37. a4 Bh3 38. g4 Rd8 39. Qxh3 Rxd4 40. Rxd4 Qxd4 41. Qf3 Qb4 42. h3 g6 43. Qd3 h5 44. Qc4 Qe1+ 45. Kg2 h4 46. b4 Qe8 47. b5 Qa8+ 48. Kg1 Qa5 49. Qd4 Qe1+ 50. Kg2 Kh7 51. b6 Qe8 52. Qd5 Qb8 53. b7 f5 54. Qf7+ Kh6 55. gxf5 gxf5 56. Qf6+ Kh5 57. Qxf5+ Kh6 58. Qc8 Qf4 59. b8=Q Qe4+ 60. Kf1 Qd3+ 61. Ke1 Qe4+ 62. Kd2 Qd4+ 63. Kc2 Qe4+ 64. Kc3 Qe5+ 65. Kb4 Qd4+ 66. Kb3 Qd5+ 67. Kc3 Qe5+ 68. Qxe5 1-0


[Site "https://www.chess.com"]

[Event "Titled Tuesday Blitz October 18 Late 2022"]
[White "Ismayil, Malak"]
[Black "Itkis, Boris"]
[WhiteFideId "13412604"]
[BlackFideId "1209167"]
[WhiteElo "1879"]
[BlackElo "2232"]
[Result "1-0"]
[Round "11"]
[TimeControl "180+1"]
[Date "2022.10.19"]
[WhiteClock "0:00:04"]
[BlackClock "0:00:10"]

1. e4 e5 2. Nf3 Nc6 3. Bc4 Nf6 4. d3 h6 5. O-O d6 6. h3 g5 7. Nh2 Bg7 8. Nc3 Qe7 9. Nd5 Nxd5 10. Bxd5 Be6 11. Bxc6+ bxc6 12. c3 c5 13. Be3 f5 14. exf5 Bxf5 15. d4 cxd4 16. cxd4 O-O 17. Rc1 Kh7 18. Re1 Qf7 19. Nf1 Bg6 20. b3 Rae8 21. Qd2 Qf6 22. d5 Re7 23. Bxa7 c5 24. Bb6 h5 25. b4 Bh6 26. g4 hxg4 27. hxg4 Qf3 28. Nh2 Qh3 29. Re3 Qh4 30. bxc5 Ref7 31. Rf1 Rf4 32. Rg3 Be4 33. Qe3 Bxd5 34. Rh3 Rxf2 35. Rxh4 Rg2+ 36. Kh1 Rg3+ 37. Nf3 gxh4 38. Qd3+ e4 39. Qxd5 exf3 40. Qb7+ Kg8 41. Qd5+ Kh8 42. Qd4+ Kh7 43. Qd3+ Kh8 44. cxd6 Bg7 45. Bd4 Rh3+ 46. Kg1 f2+ 47. Rxf2 Rg3+ 48. Qxg3 hxg3 49. Rxf8+ Kh7 50. Rf7 g2 51. Rxg7+ Kh6 52. g5+ Kh5 53. Rh7+ Kg4 54. Kxg2 Kf5 55. d7 Kxg5 56. d8=Q+ Kg4 57. Rg7+ Kf5 58. Qg5+ Ke4 59. Re7+ Kd3 60. Qe3+ Kc4 61. Rc7+ Kd5 62. Qe5# 1-0


[Site "https://www.chess.com"]

[Event "Titled Tuesday Blitz October 18 Late 2022"]
[White "Jobava, Baadur"]
[Black "Bortnyk, Mykola"]
[WhiteFideId "13601520"]
[BlackFideId "14120836"]
[WhiteElo "2582"]
[BlackElo "2582"]
[Result "1-0"]
[Round "11"]
[TimeControl "180+1"]
[Date "2022.10.18"]
[WhiteClock "0:01:28"]
[BlackClock "0:01:12"]

1. Nf3 d5 2. c4 c6 3. g3 g6 4. Bg2 Bg7 5. O-O e5 6. d3 Ne7 7. e4 dxc4 8. dxc4 O-O 9. Nc3 Bg4 10. Be3 Nd7 11. Qd6 Nb6 12. Qxd8 Rfxd8 13. b3 Rd3 14. Rac1 f5 15. h3 Bxf3 16. Bxf3 f4 17. Be2 Rxc3 18. Rxc3 fxe3 19. Rxe3 Rd8 20. Rd1 Rxd1+ 21. Bxd1 Kf7 22. Rd3 Ke8 23. Bg4 Ng8 24. c5 Na8 25. Rd7 Bf6 26. Rxb7 Bd8 27. Bd7+ Kf8 28. Bxc6 Ne7 29. Rxa7 Nxc6 30. Rxa8 Ke7 31. a3 Kd7 32. b4 Kc7 33. b5 Kb7 34. Ra6 Nd4 35. a4 Be7 36. c6+ Kb8 37. Rb6+ Kc8 38. Rb7 Bd8 39. Rxh7 Ne2+ 40. Kg2 Nc3 41. Ra7 Kb8 42. Rb7+ Kc8 43. b6 Nxa4 44. c7 1-0


[Site "https://www.chess.com"]

[Event "Titled Tuesday Blitz October 18 Late 2022"]
[White "Kanakaris, Georgios"]
[Black "Yuan, Qingyu"]
[WhiteFideId "4209460"]
[BlackFideId "8609772"]
[WhiteElo "2291"]
[BlackElo "2359"]
[Result "0-1"]
[Round "11"]
[TimeControl "180+1"]
[Date "2022.10.18"]
[WhiteClock "0:01:15"]
[BlackClock "0:00:59"]

1. d4 d5 2. Nf3 Nf6 3. c4 e6 4. e3 a6 5. b3 Nbd7 6. Nbd2 b6 7. Bb2 Bb7 8. Bd3 Bd6 9. O-O O-O 10. Qe2 Ne4 11. Rac1 Qe7 12. Rfd1 f5 13. Ne5 Bxe5 14. dxe5 Ndc5 15. Ba3 Rad8 16. cxd5 Rxd5 17. Nxe4 fxe4 18. Bxe4 Rxd1+ 19. Qxd1 Bxe4 20. Qd4 Bb7 21. Bxc5 bxc5 22. Qxc5 Qg5 23. g3 Qf5 0-1


[Site "https://www.chess.com"]

[Event "Titled Tuesday Blitz October 18 Late 2022"]
[White "Kanter, Eduard"]
[Black "Romero Ruscalleda, Josep"]
[WhiteFideId "4103963"]
[BlackFideId "2231859"]
[WhiteElo "2267"]
[BlackElo "2326"]
[Result "1-0"]
[Round "11"]
[TimeControl "180+1"]
[Date "2022.10.19"]
[WhiteClock "0:00:26"]
[BlackClock "0:00:10"]

1. d4 g6 2. c4 Bg7 3. e4 d6 4. Nc3 e5 5. dxe5 dxe5 6. Qxd8+ Kxd8 7. h4 Be6 8. h5 c6 9. h6 Bf8 10. f4 Nd7 11. Nf3 Bd6 12. g3 f6 13. Be3 Kc7 14. O-O-O Bg4 15. Be2 Bxf3 16. Bxf3 Re8 17. Bg4 Re7 18. Rd3 Nc5 19. Rxd6 Kxd6 20. Rd1+ Kc7 21. Bxc5 Re8 22. Bd6+ Kb6 23. c5+ Ka5 24. a3 b5 25. b4+ Ka6 26. fxe5 Nxh6 27. Bd7 Rd8 28. Bxc6 fxe5 29. Bxb5+ Kb7 30. Nd5 Nf7 31. c6+ Ka8 32. Be7 Rc8 33. Kb2 Nd8 34. c7 Nb7 35. Bc6 a6 36. Bc5 h5 37. Nb6+ Ka7 38. Nxc8+ Ka8 39. Nb6+ Ka7 40. c8=N+ Kb8 41. Bxb7 Kxb7 42. Rd7+ Kc6 43. Ne7+ Kb5 44. Kb3 a5 45. a4+ Ka6 46. b5# 1-0


[Site "https://www.chess.com"]

[Event "Titled Tuesday Blitz October 18 Late 2022"]
[White "Keymer, Vincent"]
[Black "Zhigalko, Sergei"]
[WhiteFideId "12940690"]
[BlackFideId "13502956"]
[WhiteElo "2600"]
[BlackElo "2662"]
[Result "0-1"]
[Round "11"]
[TimeControl "180+1"]
[Date "2022.10.18"]
[WhiteClock "0:00:05"]
[BlackClock "0:00:05"]

1. Nf3 d5 2. e3 Nf6 3. c4 e6 4. Nc3 b6 5. cxd5 exd5 6. g3 Bd6 7. Bg2 O-O 8. O-O Bb7 9. b3 Nbd7 10. Bb2 Re8 11. Rc1 a6 12. Re1 Nc5 13. d3 Bf8 14. Ne2 a5 15. Nf4 c6 16. Qc2 Rc8 17. Rcd1 Ba6 18. Nd4 g6 19. e4 Bg7 20. e5 Ng4 21. Nf3 Ne6 22. Nxe6 fxe6 23. Bc1 c5 24. Bg5 Qc7 25. Bf4 Nh6 26. Ng5 Nf5 27. h4 Nd4 28. Qd2 Qe7 29. Nf3 Nc6 30. h5 gxh5 31. Bg5 Qf7 32. Bh6 Rf8 33. Ng5 Bxh6 34. f4 Bxg5 35. fxg5 Nd4 36. Rf1 Qg6 37. Rf6 Rxf6 38. exf6 Re8 39. Qf4 Ne2+ 0-1


[Site "https://www.chess.com"]

[Event "Titled Tuesday Blitz October 18 Late 2022"]
[White "Licznerski, Lukasz"]
[Black "Baskakov, Egor"]
[WhiteFideId "1179250"]
[BlackFideId "24197866"]
[WhiteElo "2403"]
[BlackElo "2211"]
[Result "0-1"]
[Round "11"]
[TimeControl "180+1"]
[Date "2022.10.18"]
[WhiteClock "0:00:01"]
[BlackClock "0:00:48"]

1. e4 c5 2. Nf3 Nf6 3. e5 Nd5 4. Nc3 e6 5. g3 Nc6 6. Bg2 d6 7. Nxd5 exd5 8. d4 dxe5 9. Nxe5 Nxd4 10. O-O Bd6 11. Re1 O-O 12. Bxd5 Bf5 13. Bf4 Bxc2 14. Qc1 Bf5 15. Bxb7 Rb8 16. Bg2 Qc7 17. h3 Rfe8 18. Nc4 Rxe1+ 19. Qxe1 Bxf4 20. gxf4 Nc2 21. Qc3 Nxa1 22. Ne3 Be6 23. f5 Bxa2 24. Qa3 Nb3 25. Qxa2 Nd4 26. Bd5 Ne2+ 27. Kf1 Nf4 28. Bc4 Rd8 0-1


[Site "https://www.chess.com"]

[Event "Titled Tuesday Blitz October 18 Late 2022"]
[White "Luxama, Jacques Muller"]
[Black "Carbone, Diego"]
[WhiteFideId "11900113"]
[BlackFideId "3002179"]
[WhiteElo "1931"]
[BlackElo "2243"]
[Result "0-1"]
[Round "11"]
[TimeControl "180+1"]
[Date "2022.10.19"]
[WhiteClock "0:00:03"]
[BlackClock "0:00:30"]

1. d4 Nf6 2. c4 e6 3. Nc3 d5 4. cxd5 exd5 5. Bg5 Bb4 6. e3 h6 7. Bh4 g5 8. Bg3 Ne4 9. Rc1 h5 10. f3 Nxg3 11. hxg3 c6 12. Bd3 Qe7 13. Kf2 Nd7 14. Nge2 Nf6 15. Qb3 Bd6 16. Rce1 Be6 17. a4 h4 18. gxh4 gxh4 19. Nf4 O-O-O 20. a5 Rdg8 21. a6 b6 22. Nxe6 fxe6 23. Ne2 h3 24. Rxh3 Rxh3 25. gxh3 Nh5 26. Rg1 Qh4+ 27. Kf1 Qxh3+ 28. Kf2 Qh2+ 29. Kf1 Rxg1+ 30. Nxg1 Ng3+ 31. Ke1 Qxg1+ 32. Kd2 Qf2+ 33. Kc3 Qxe3 34. Qa4 Ne2+ 35. Kc2 Nxd4+ 36. Kc3 Nb5+ 37. Kc2 Qf2+ 38. Kb1 Qe1+ 39. Ka2 Qb4 40. Qd1 Qa5+ 41. Kb1 Qxa6 42. Qe2 Kd7 43. Qg2 Na3+ 0-1


[Site "https://www.chess.com"]

[Event "Titled Tuesday Blitz October 18 Late 2022"]
[White "Maksimovic, Bojan"]
[Black "Nakamura, Hikaru"]
[WhiteFideId "14408120"]
[BlackFideId "2016192"]
[WhiteElo "2447"]
[BlackElo "2909"]
[Result "0-1"]
[Round "11"]
[TimeControl "180+1"]
[Date "2022.10.18"]
[WhiteClock "0:00:01"]
[BlackClock "0:00:36"]

1. e4 g5 2. d4 Bg7 3. Bxg5 c5 4. Nf3 cxd4 5. c3 dxc3 6. Nxc3 Nc6 7. Bc4 d6 8. O-O Nf6 9. e5 dxe5 10. Qxd8+ Nxd8 11. Nxe5 a6 12. Rad1 Be6 13. Be2 Rc8 14. Bf3 Ne4 15. Nxf7 Nxf7 16. Nxe4 Bxa2 17. Bh4 Ne5 18. Bh5+ Bf7 19. Bxf7+ Kxf7 20. f4 Ng6 21. Ng5+ Ke8 22. Bg3 Bxb2 23. f5 Nf8 24. Rfe1 Rg8 25. Ne4 Kf7 26. Bh4 Ba3 27. Ng5+ Kg7 28. Rd3 Bc5+ 29. Kh1 h6 30. Ne4 Bb4 31. Rb1 Rc4 32. Re3 Nd7 33. h3 a5 34. Rxb4 axb4 35. Bxe7 b3 36. f6+ Kh7 37. f7 Ra8 38. Nd6 b2 39. Rc3 b1=Q+ 0-1


[Site "https://www.chess.com"]

[Event "Titled Tuesday Blitz October 18 Late 2022"]
[White "Mazurkiewicz, Michal"]
[Black "Ventura Bolet, Maxim"]
[WhiteFideId "1124943"]
[BlackFideId "22238824"]
[WhiteElo "2063"]
[BlackElo "2186"]
[Result "1-0"]
[Round "11"]
[TimeControl "180+1"]
[Date "2022.10.19"]
[WhiteClock "0:00:05"]
[BlackClock "0:00:05"]

1. e4 c5 2. Nf3 a6 3. g3 e6 4. d3 d6 5. Bg2 Nc6 6. a4 Nf6 7. O-O Be7 8. c3 O-O 9. Re1 e5 10. d4 exd4 11. cxd4 Bg4 12. dxc5 dxc5 13. Qxd8 Raxd8 14. Nc3 Bxf3 15. Bxf3 Nd4 16. Bd1 b5 17. axb5 axb5 18. e5 Nd7 19. Nd5 Rfe8 20. Nc7 Rf8 21. Be3 Nb6 22. Bxd4 cxd4 23. Nxb5 Nc4 24. e6 fxe6 25. Bb3 Nxb2 26. Rxe6 Bb4 27. Re2+ Kh8 28. Rxb2 Bc3 29. Nxc3 dxc3 30. Rc2 Rf3 31. Kg2 Rdf8 32. Ra8 Rxf2+ 33. Rxf2 Rxa8 34. Rc2 Rc8 35. Kf3 g6 36. Ke3 Kg7 37. Kd3 Kf6 38. Rxc3 Rd8+ 39. Ke3 Rb8 40. h4 h6 41. Rc6+ Kg7 42. Bc2 Re8+ 43. Kf3 Rf8+ 44. Kg2 Rd8 45. Rxg6+ Kf7 46. Rxh6 Rd2+ 47. Kh3 Rxc2 48. Rb6 Kg7 49. Rb4 Rc3 50. Kg4 Kg6 51. h5+ Kh6 52. Kh4 Rc1 53. Rb6+ Kg7 54. g4 Rc4 55. Re6 Kh7 56. Re5 Kg7 57. Kg5 Rc7 58. Rd5 Kh7 59. Rd4 Kg7 60. Kh4 Rc5 61. g5 Rc1 62. Rd7+ Kg8 63. Kg4 Rc5 64. Kf4 Ra5 65. Re7 Rb5 66. Re5 Rb1 67. Kf5 Kf7 68. Ra5 Rf1+ 69. Kg4 Rg1+ 70. Kf4 Rf1+ 71. Kg4 Rg1+ 72. Kf3 Rh1 73. h6 Kg6 74. Kf4 Rf1+ 75. Kg3 Rg1+ 76. Kf2 Rh1 77. Kf3 Rf1+ 78. Kg2 Rb1 79. Kg3 Rb4 80. Re5 Ra4 81. Kf3 Rb4 82. Re4 Rb1 83. Kf4 Rf1+ 84. Ke5 Kxg5 85. h7 Rh1 86. Re2 Rxh7 87. Rg2+ Kh6 88. Kf6 Kh5 89. Rh2+ Kg4 90. Rxh7 Kf4 91. Rg7 Ke4 92. Rg4+ Kf3 93. Kf5 1-0


[Site "https://www.chess.com"]

[Event "Titled Tuesday Blitz October 18 Late 2022"]
[White "Melikhov, Evgeny V."]
[Black "Turutin, Alexander"]
[WhiteFideId "4122046"]
[BlackFideId "4180623"]
[WhiteElo "2169"]
[BlackElo "2402"]
[Result "1-0"]
[Round "11"]
[TimeControl "180+1"]
[Date "2022.10.19"]
[WhiteClock "0:00:26"]
[BlackClock "0:00:01"]

1. d4 Nf6 2. c4 g6 3. Nc3 Bg7 4. e4 O-O 5. Be3 d6 6. f3 c5 7. Nge2 Nc6 8. d5 Ne5 9. Ng3 e6 10. Be2 exd5 11. cxd5 b5 12. O-O b4 13. Nb1 c4 14. Nd2 c3 15. bxc3 bxc3 16. Nb3 Bd7 17. Rc1 Rc8 18. Bd4 h5 19. Rxc3 Rxc3 20. Bxc3 h4 21. Nh1 Nh5 22. Bd4 Nf4 23. Nf2 Qg5 24. Ng4 f5 25. exf5 gxf5 26. Ne3 Nxg2 27. Nxg2 h3 28. Rf2 hxg2 29. Rxg2 Qh6 30. Qe1 Rf7 31. Qg3 f4 32. Qg5 Qh7 33. h4 Bh3 34. Rh2 Qb1+ 35. Kf2 Qxa2 36. Rxh3 Qxb3 37. h5 Kh8 38. h6 Bf6 39. Qh5 Nd3+ 40. Kg2 1-0


[Site "https://www.chess.com"]

[Event "Titled Tuesday Blitz October 18 Late 2022"]
[White "Melikyan, Gnel"]
[Black "Przybylski, Wojciech"]
[WhiteFideId "54109990"]
[BlackFideId "1117599"]
[WhiteElo "2138"]
[BlackElo "2221"]
[Result "1-0"]
[Round "11"]
[TimeControl "180+1"]
[Date "2022.10.18"]
[WhiteClock "0:01:26"]
[BlackClock "0:00:03"]

1. d4 Nf6 2. c4 e6 3. Nc3 d5 4. Bg5 Be7 5. e3 O-O 6. Nf3 Nbd7 7. Bd3 b6 8. cxd5 exd5 9. O-O Re8 10. Rc1 Bb7 11. a3 c6 12. Bf5 Nf8 13. Ne5 Ng6 14. f4 c5 15. h4 Ne4 16. Nxe4 dxe4 17. Bxe7 Nxe7 18. Bd7 Rf8 19. dxc5 bxc5 20. Rxc5 Qb6 21. b4 Rad8 22. Qb3 Ng6 23. Rd1 Nxh4 24. Rd4 Ng6 25. Nxf7 Rxf7 26. Be6 Rf8 27. Rd7 Nh8 28. Rcc7 Bc8 29. Bxf7+ Nxf7 30. Rxf7 1-0


[Site "https://www.chess.com"]